 Dungeon Crawl Stone Soup version 0.31.0-11-ge490571c62 (webtiles) character file.

Game seed: 6413800551208380866

138 qw the Shooter (level 5, -1/26 HPs)
             Began as a Spriggan Hunter on Feb 5, 2024.
             Slain by a ribbon worm (2 damage)
             ... on level 3 of the Dungeon.
             The game lasted 00:00:39 (1966 turns).

qw the Shooter (Spriggan Hunter)                    Turns: 1966, Time: 00:00:40

Health: -1/26      AC:  2    Str:  7    XL:     5   Next: 1%
Magic:  6/6        EV: 10    Int: 11    God:
Gold:   89         SH:  0    Dex: 20    Spells: 4/4 levels left

rFire   . . .        a - +0 shortbow
rCold   . . .        (shield currently unavailable)
rNeg    . . .        c - +0 robe
rPois   +            (helmet restricted)
rElec   .            (no cloak)
rCorr   .            (gloves unavailable)
SInv    +            (boots unavailable)
Will    .....        (no amulet)
Stlth   ++           e - ring of poison resistance
HPRegen 0.24/turn    (no ring)
MPRegen 0.10/turn

%: no passive effects
@: held, very quick
A: very small, no large weapons, unfitting armour, see invisible, speed 3
a: no special abilities


You were on level 3 of the Dungeon.
You visited 1 branch of the dungeon, and saw 3 of its levels.

You collected 109 gold pieces.
You spent 20 gold pieces at shops.


Innate Abilities, Weirdness & Mutations

You are very small and have problems with some larger weapons.
You are too small for most types of armour.
You have supernaturally acute eyesight. (SInv)
You cover ground extremely quickly. (Speed+++)


   Skills:
 - Level 2.1 Fighting
 + Level 5.1 Ranged Weapons
 - Level 5.0 Dodging
 - Level 1.5 Stealth


You had 4 spell levels left.
You didn't know any spells.
Your spell library was empty.

Inventory:

Hand Weapons
 a - a +0 shortbow (weapon)
Armour
 c - a +0 robe (worn)
Jewellery
 e - a ring of poison resistance (left hand)
Potions
 b - 2 potions of haste {unknown}
 d - a potion of cancellation {unknown}

Dungeon Overview and Level Annotations

Branches:
Dungeon (3/15)

Altars:

Shops:
D:2 *


Message History

The stream of webbing hits you but does no damage.
You are even more entangled.
The ribbon worm barely misses you. The ribbon worm bites you.
The ribbon worm misses you.
The ribbon worm bites you but does no damage.
The ribbon worm expels a string of sticky webbing.
The stream of webbing hits you but does no damage.
You are even more entangled.
Enter note:
Enter note:
Enter note:
Enter note: You struggle to detach yourself from the web.
The ribbon worm barely misses you. The ribbon worm barely misses you.
The ribbon worm closely misses you. The ribbon worm bites you.
The ribbon worm expels a string of sticky webbing.
The stream of webbing hits you but does no damage.
You are even more entangled.
The ribbon worm bites you. The ribbon worm bites you.
The ribbon worm bites you.
You struggle to detach yourself from the web.
The ribbon worm barely misses you. The ribbon worm bites you.
The ribbon worm expels a string of sticky webbing.
The stream of webbing hits you but does no damage.
You are even more entangled.
The ribbon worm bites you. The ribbon worm closely misses you.
The ribbon worm completely misses you. The ribbon worm bites you.
The ribbon worm expels a string of sticky webbing.
The stream of webbing misses you. The ribbon worm bites you.
You struggle to detach yourself from the web.
The ribbon worm bites you.
You die...

#.#...........#
######.##.....#
#.#.#.####.#.##
#.........#.#.#
#.#.#.# ##.#.#
#.........#.#.#
#.#.#.# #..#.#
#.........#<..#
#.#.#.###'##..
##'##.#.##.#.###
#.#.#..#...###
#...#.........
#.#.#..'.7.#
##.7.+........#
#.#.#.##%...#
#....#..####..#
#)).#.###...#
#@..##.%# #.#
######.#
...%#.w..#.#.#
.......# #)......##
.# #########
.>.7.<.# .........
#.......#
#####....#....#....
....... ##...###...
..###.# ... #....
..#<#


You could see a ribbon worm (catching breath).

Vanquished Creatures
  Jessica (D:3)
  An orc wizard (D:3)
  2 adders
  A gnoll (D:1)
  A dart slug (D:1)
  7 orcs (D:3)
  2 endoplasms
  A giant cockroach (D:3)
  4 hobgoblins
  5 quokkas
  5 ball pythons
  4 bats
  3 frilled lizards
  6 goblins
  4 kobolds
  7 rats
54 creatures vanquished.

Notes
Turn   | Place    | Note
-------+----------+-------------------------------------------
     0 | D:1      | qw the Spriggan Hunter began the quest for the Orb.
     0 | D:1      | Reached XP level 1. HP: 10/10 MP: 2/2
     0 | D:1      | 0 ||| qw: Version: 0.3-a-160-g6735b56
     0 | D:1      | 0 ||| qw: Game counter: 6218
     0 | D:1      | 0 ||| qw: Melee chars always use a shield: true
     0 | D:1      | 0 ||| qw: God list: Okawaru
     0 | D:1      | 0 ||| qw: Allow faded altars: false
     0 | D:1      | 0 ||| qw: Do Orc after clearing Dungeon:15 true
     0 | D:1      | 0 ||| qw: Do second Lair branch before Depths: true
     0 | D:1      | 0 ||| qw: Lair rune preference: random
     0 | D:1      | 0 ||| qw: Goals: Normal
     0 | D:1      | 0 ||| PLANNING D:1-11
    33 | D:1      | Reached skill level 3 in Dodging
   122 | D:1      | Reached XP level 2. HP: 14/14 MP: 3/3
   501 | D:1      | Reached XP level 3. HP: 18/18 MP: 4/4
   591 | D:1      | 591 ||| READING scroll labelled DYLETO ATUMPINNU.
   692 | D:1      | 692 ||| READING scroll labelled OFESYL QIVA.
   696 | D:1      | 696 ||| DROPPING scroll of butterflies.
   785 | D:2      | Found Deha's Assorted Antiques.
   790 | D:2      | 790 ||| BUYING bubbling sapphire potion (20 gold).
   790 | D:2      | Bought a bubbling sapphire potion for 20 gold pieces
   790 | D:2      | 790 ||| SHOPLISTING fuming red potion (20 gold, have 9).
   790 | D:2      | 790 ||| SHOPLISTING lead wand (92 gold, have 9).
   790 | D:2      | 790 ||| SHOPLISTING scroll labelled ETUKER QAHU (23 gold,
                  | have 9).
   790 | D:2      | 790 ||| SHOPLISTING scroll labelled ROTATIKKOI (23 gold,
                  | have 9).
   790 | D:2      | 790 ||| SHOPLISTING scroll labelled VECLOB MIDOATE (23
                  | gold, have 9).
   790 | D:2      | 790 ||| SHOPLISTING small coral ring (115 gold, have 9).
  1348 | D:2      | 1348 ||| UPGRADING to ring of poison resistance.
  1349 | D:2      | 1349 ||| READING scroll labelled YSIQUGR FEADD.
  1350 | D:2      | 1350 ||| READING scroll labelled OCLUALAESI.
  1351 | D:2      | 1351 ||| DRINKING 2 orange potions.
  1352 | D:2      | 1352 ||| FLEEEEING.
  1353 | D:2      | 1353 ||| FLEEEEING.
  1354 | D:2      | 1354 ||| FLEEEEING.
  1355 | D:2      | 1355 ||| FLEEEEING.
  1356 | D:2      | 1356 ||| FLEEEEING.
  1357 | D:2      | 1357 ||| FLEEEEING.
  1358 | D:2      | 1358 ||| FLEEEEING.
  1359 | D:2      | 1359 ||| FLEEEEING.
  1360 | D:2      | 1360 ||| FLEEEEING.
  1361 | D:2      | 1361 ||| FLEEEEING.
  1362 | D:2      | 1362 ||| FLEEEEING.
  1363 | D:2      | 1363 ||| FLEEEEING.
  1364 | D:2      | 1364 ||| STAIRDANCE
  1466 | D:1      | 1466 ||| DRINKING 2 emerald potions.
  1467 | D:1      | 1467 ||| DRINKING 2 silvery potions.
  1468 | D:1      | 1468 ||| DROPPING potion of berserk rage.
  1469 | D:1      | 1469 ||| DROPPING potion of attraction.
  1560 | D:3      | 1560 ||| FLEEEEING.
  1561 | D:3      | 1561 ||| FLEEEEING.
  1562 | D:3      | 1562 ||| FLEEEEING.
  1596 | D:3      | Reached XP level 4. HP: 22/22 MP: 5/5
  1633 | D:3      | 1633 ||| FLEEEEING.
  1634 | D:3      | 1634 ||| FLEEEEING.
  1635 | D:3      | 1635 ||| FLEEEEING.
  1636 | D:3      | 1636 ||| FLEEEEING.
  1637 | D:3      | 1637 ||| FLEEEEING.
  1638 | D:3      | 1638 ||| FLEEEEING.
  1639 | D:3      | 1639 ||| FLEEEEING.
  1640 | D:3      | 1640 ||| FLEEEEING.
  1641 | D:3      | 1641 ||| FLEEEEING.
  1720 | D:3      | 1720 ||| DRINKING potion of curing.
  1720 | D:3      | 1720 ||| (to cure confusion)
  1819 | D:3      | Noticed Jessica
  1829 | D:3      | Killed Jessica
  1886 | D:3      | Reached XP level 5. HP: 26/26 MP: 6/6
  1956 | D:3      | HP: 2/26 [ribbon worm (6)]
  1962 | D:3      | HP: 1/26 [ribbon worm (2)]
  1966 | D:3      | Slain by a ribbon worm

Levels and vault maps discovered:
D:1:      dpeg_arrival_rhombus, layout_basic, minmay_hexomino_f4
D:2:      layout_basic, serial_shops, shop
D:3:      minmay_thinvault, layout_basic, yredelemnul_forgotten_temple_becter,
          grunt_ministairs_13, kennysheep_jessica_study

Skill      XL: |  1  2  3  4 |
---------------+-------------+-----
Dodging        | 3 4 5 |  5.0
Ranged Weapons | 5 |  5.1
Fighting       | 2 |  2.1
Stealth        | |  1.5

Action                     |  1- 3 |  4- 6 || total
---------------------------+-------+-------++-------
   Fire: Shortbow          |   116 |    64 ||   180
    Use: Scroll            |     4 |       ||     4
         Potion            |     3 |     1 ||     4
 Armour: Robe              |    10 |    18 ||    28
  Dodge: Dodged            |    22 |    28 ||    50

Table legend:
 A = Non-vault XP
 B = Vault XP
 C = Vault XP percentage of total XP
 D = Non-vault monster count
 E = Vault monster count
 F = Vault count percentage of total count
                 A         B        C        D         E       F
            +---------+---------+-------+---------+---------+-------
      Total |     141 |      57 |  28.8 |      47 |       7 |  13.0
            +---------+---------+-------+---------+---------+-------
        D:1 |      41 |       4 |   8.9 |      17 |       4 |  19.0
        D:2 |      33 |       0 |   0.0 |      15 |       0 |   0.0
        D:3 |      67 |      53 |  44.2 |      15 |       3 |  16.7
            +---------+---------+-------+---------+---------+-------
